 Dungeon Crawl Stone Soup version 0.20.1-1-g8b1a95d (webtiles) character file.

383 Peloso the Shield-Bearer (level 6, -2/56 HPs)
             Began as a Deep Dwarf Fighter on July 29, 2017.
             Slain by vlindergert's ghost (6 damage)
             ... on level 4 of the Dungeon.
             The game lasted 00:08:18 (2126 turns).

Peloso the Shield-Bearer (Deep Dwarf Fighter)       Turns: 2126, Time: 00:08:18

Health: -2/56      AC:  9    Str: 27    XL:     6   Next: 47%
Magic:  5/5        EV:  6    Int:  8    God:
Gold:   89         SH: 10    Dex: 12    Spells: 5/5 levels left

rFire    . . .     SeeInvis .   a - +0 long sword
rCold    . . .     Gourm    .   c - +0 shield
rNeg     . . .     Faith    .   q - +0 chain mail
rPois    .         Spirit   .   (no helmet)
rElec    .         Reflect  .   (no cloak)
rCorr    .         Harm     .   (no gloves)
MR       .....                  (no boots)
Stlth    ..........             (no amulet)
Regen    0.0/turn               (no ring)
MPRegen  0.1/turn               (no ring)

@: mighty, non-regenerating
A: damage resistance, heal wounds, sense surroundings 1, no regeneration
a: Heal Wounds


You were on level 4 of the Dungeon.
You were not hungry.

You visited 1 branch of the dungeon, and saw 4 of its levels.

You collected 89 gold pieces.

Inventory:

Hand Weapons
 a - a +0 long sword (weapon)
Armour
 c - a +0 shield (worn)
 q - a +0 chain mail (worn)
Scrolls
 h - 2 scrolls of teleportation
 j - a scroll of remove curse
 m - a scroll of amnesia
Potions
 b - a potion of heal wounds {unknown}
 e - a potion of magic
Comestibles
 f - 3 bread rations
 g - 4 fruits
 p - 2 royal jellies


   Skills:
 + Level 3.4 Fighting
 + Level 4.6 Long Blades
 + Level 4.7 Armour
 + Level 0.2 Dodging
 + Level 0.6 Stealth
 + Level 4.7 Shields


You had 5 spell levels left.
You didn't know any spells.

Dungeon Overview and Level Annotations

Branches:
Dungeon (4/15)
 Temple: D:4-7

Altars:

Annotations:
D:4 vlindergert's ghost, amateur MiFi


Innate Abilities, Weirdness & Mutations

You are resistant to damage.
You can heal yourself by infusing magical energy.
You passively map a small area around you.
You do not regenerate.


Message History

Your experience leads to an increase in your attributes!
Your base attributes are Str 21, Int 8, Dex 12.
Increase (S)trength, (I)ntelligence, or (D)exterity?
You feel stronger. The ogre hits you but does no damage.
You slash the ogre!
The ogre is heavily wounded.
The ogre hits you with a giant club!
* * * LOW HITPOINT WARNING * * *
You slash the ogre!
The ogre is almost dead.
You slash the ogre!
You kill the ogre!
You slash vlindergert's ghost!
Vlindergert's ghost is moderately damaged.
Vlindergert's ghost hits you but does no damage.
You hit vlindergert's ghost.
Vlindergert's ghost is moderately damaged.
Vlindergert's ghost hits you!
You die...

, * .. * , ,* ..
.# #* * ##.
..##.. .., ,
...,*!..... #.#
,,#.###.....#. ,
.. ,
#...........
#.###..#........
*
#..@W...........
#.####.#........
.. #>.........
..., ,
###W....... *
... .. #........
* #., ,...,
#........ , .
.... #W####### *
, ....###.##
.........#


You could see vlindergert's ghost.

Vanquished Creatures
  An ogre (D:4)
  A phantom (D:4)
  2 hounds
  An orc priest (D:3)
  An orc wizard (D:3)
  4 adders
  3 worms (D:2)
  A dart slug (D:2)
  2 leopard geckos
  An orc (D:3)
  6 bats
  2 giant cockroaches (D:3)
  6 goblins
  3 hobgoblins
  9 kobolds
  2 frilled lizards
  A rat (D:2)
46 creatures vanquished.

Notes
Turn   | Place    | Note
-------+----------+-------------------------------------------
     0 | D:1      | Peloso the Deep Dwarf Fighter began the quest for the Orb.
     0 | D:1      | Reached XP level 1. HP: 20/20 MP: 1/1
   401 | D:1      | Reached XP level 2. HP: 24/27 MP: 2/2
  1010 | D:2      | Reached XP level 3. HP: 24/33 MP: 3/3
  1487 | D:3      | Reached XP level 4. HP: 7/40 MP: 4/4
  1721 | D:3      | Reached XP level 5. HP: 28/49 MP: 5/5
  2058 | D:4      | Noticed a phantom
  2084 | D:4      | Noticed vlindergert's ghost (amateur MiFi)
  2090 | D:4      | Noticed an ogre
  2106 | D:4      | Killed a phantom
  2121 | D:4      | Reached XP level 6. HP: 17/56 MP: 5/5
  2126 | D:4      | Slain by vlindergert's ghost

Skill      XL: |  1  2  3  4  5 |
---------------+----------------+-----
Shields        | 4 |  4.7
Long Blades    | 3 4 |  4.6
Fighting       | 3 |  3.4
Armour         | 4 |  4.7
Dodging        | |  0.2
Stealth        | |  0.6

Action                   |  1- 3 |  4- 6 || total
-------------------------+-------+-------++-------
Melee: Long sword        |   134 |    68 ||   202
 Abil: Heal Wounds       |       |     2 ||     2
  Use: Scroll            |       |     8 ||     8
       Potion            |       |     3 ||     3
  Eat: Chunk             |     2 |     2 ||     4
Armor: Scale mail        |    49 |       ||    49
       Chain mail        |    21 |    28 ||    49
Dodge: Dodged            |    32 |    12 ||    44
Block: Shield            |    61 |    36 ||    97
       Rpst.: Long sword |    13 |     7 ||    20
